 Dungeon Crawl Stone Soup version 0.31.0-32-g396128a36d (webtiles) character file.

Game seed: 6093413945236776588

5959 spaghetti the Slicer (level 10, -9/99 HPs)
             Began as a Naga Berserker on Mar 24, 2024.
             Was a Priest of Trog.
             Mangled by an iguana (13 damage)
             ... on level 9 of the Dungeon.
             The game lasted 00:09:32 (8678 turns).

spaghetti the Slicer (Naga Berserker)               Turns: 8678, Time: 00:09:33

Health: -9/99      AC:  6    Str: 20    XL:     10   Next: 84%
Magic:  10/10      EV: 10    Int:  8    God:    Trog [***...]
Gold:   451        SH:  0    Dex: 14    Spells: 9/9 levels left

rFire   . . .        i - +5 scimitar
rCold   . . .        (no shield)
rNeg    . . .        b - +0 animal skin
rPois   +            h - +1 helmet
rElec   .            d - scarf {harm}
rCorr   .            (no gloves)
SInv    +            (no barding)
Will    +++..        (no amulet)
Stlth   +            (no ring)
HPRegen 1.36/turn    (no ring)
MPRegen 0.12/turn

%: harm (+30% outgoing, +20% incoming)
@: short of breath, strong-willed, on berserk cooldown, regenerating, slowed,
invisible, very slow
A: AC +3, large, see invisible, deformed body, poison resistance, slowness 2,
spit poison 2, naga tail 1, sense surroundings 1
a: Breathe Poison Gas, Renounce Religion, Berserk, Trog's Hand


You were on level 9 of the Dungeon.
You worshipped Trog.
Trog was most pleased with you.
You visited 1 branch of the dungeon, and saw 9 of its levels.

You collected 451 gold pieces.

Inventory:

Hand Weapons
 i - a +5 scimitar (weapon)
 n - a +5 dagger of protection
Armour
 b - a +0 animal skin (worn)
 d - a scarf of harm (worn)
 h - a +1 helmet (worn)
Wands
 m - a wand of iceblast (12)
 q - a wand of flame (28)
Scrolls
 a - a scroll of identify
 e - 2 scrolls of revelation
 k - 3 scrolls of enchant weapon
 o - a scroll of silence
Potions
 c - a potion of cancellation
 f - a potion of attraction
 g - a potion of mutation
 j - a potion of brilliance
 l - a potion of enlightenment


   Skills:
 + Level 9.2 Fighting
 - Level 14.7(15.6) Short Blades
 + Level 8.4(12.6) Long Blades
 - Level 1.5 Armour
 - Level 1.5 Dodging


You had 9 spell levels left.
You didn't know any spells.
Your spell library was empty.

Dungeon Overview and Level Annotations

Branches:
Dungeon (9/15)             Temple (0/1) D:5
   Lair: D:8-11         Orc: D:9-12

Altars:
Dithmenos
Elyvilon
Fedhas
Makhleb
Okawaru
Trog
Vehumet
Yredelemnul
The Shining One

Annotations:
D:3 3 runed translucent doors, flammie80's ghost, weakling FoMo


Innate Abilities, Weirdness & Mutations

Your serpentine skin is tough. (AC +3)
You have supernaturally acute eyesight. (SInv)
Armour fits poorly on your strangely shaped body.
Your system is resistant to poisons. (rPois)
You cover ground very slowly.
You can exhale a cloud of poison.
You have a snake-like lower body.
You passively map a small area around you.


Message History

The wyvern is almost dead.
The wyvern bites you!
* * * LOW HITPOINT WARNING * * *
The yak is engulfed in poison gas.
The yak looks as sick as possible!
The yak closely misses you. The wyvern closely misses you.
You slash the wyvern!
You kill the wyvern!
Trog accepts your kill.
You kill the yak!
Trog accepts your kill. The yak gores you.
* * * LOW HITPOINT WARNING * * *
Okay, then.
Okay, then.
Okay, then.
Okay, then.
Okay, then.
You hit the yak.
The yak is lightly wounded.
The yak closely misses you.
You hit the yak but do no damage.
The yak is lightly wounded.
The yak closely misses you.
Unknown command.
Unknown command.
You strike the helpless yak from behind!
You slash the yak!
The yak is heavily wounded.
The iguana bites you.
* * * LOW HITPOINT WARNING * * *
The yak gores you.
* * * LOW HITPOINT WARNING * * *
Unknown command.
Unknown command.
Unknown command.
You catch the helpless iguana completely off-guard!
You slash the iguana!
The iguana is severely wounded.
The wyvern looks more healthy.
The iguana bites you!
You die...

.....#
##..........#
* .......#
#.......... ,
.......+
+.......... *
** .......#
*#.)...####
** .......#
#.....## * ,
#......# ,
#......# *
#......#### *
* *
#.....@l..##
* , ,
#######Yk..#
, , ** * *
*#))##.# *
*,, *#..## ..
, , * ,,
..k## #.. *
....., *, .
♣.....l * * *
* ?...... ,,
,* , ,
,...♣..l *


You could see a yak (unable to see you), a wyvern (unable to see you) and an
iguana (unable to see you).

Vanquished Creatures
  A two-headed ogre (D:9)
  3 wyverns
  10 yaks
  2 water moccasins
  Duvessa (D:7)
  A black bear (D:5)
  2 ice beasts
  2 sky beasts (D:7)
  3 centaurs
  A kobold brigand (D:7)
  4 bullfrogs
  A gnoll sergeant (D:9)
  4 scorpions
  6 wights
  Dowan (D:7)
  9 killer bees
  4 howler monkeys
  3 hounds
  5 orc priests
  3 jellies
  2 sleepcaps (D:4)
  Ijyb (D:5)
  Natasha (thrice) (D:2)
  3 iguanas
  An orc wizard (D:6)
  Robin (D:4)
  5 adders
  6 gnolls
  A shadow imp (D:7)
  3 white imps
  2 ufetubi (D:5)
  2 dart slugs
  2 ribbon worms
  18 orcs
  8 ball pythons
  3 endoplasms
  A giant cockroach (D:1)
  18 goblins
  8 hobgoblins
  7 jackals
  15 kobolds
  2 quokkas
  7 bats
  A frilled lizard (D:1)
  2 rats
188 creatures vanquished.

Vanquished Creatures (collateral kills)
  2 wights (D:7)
2 creatures vanquished.

Grand Total: 190 creatures vanquished

Notes
Turn   | Place    | Note
-------+----------+-------------------------------------------
     0 | D:1      | spaghetti the Naga Berserker began the quest for the Orb.
     0 | D:1      | Reached XP level 1. HP: 21/21 MP: 1/1
   165 | D:1      | Noticed an eye of devastation
   170 | D:1      | Reached XP level 2. HP: 25/28 MP: 2/2
   211 | D:1      | Found a faded altar of an unknown god.
   213 | D:1      | Noticed a glass eye
   213 | D:1      | Noticed an eye of devastation
   213 | D:1      | Noticed an eye of devastation
   369 | D:1      | HP: 1/28 [hobgoblin (3)]
   539 | D:1      | Identified a scroll of acquirement
   539 | D:1      | Acquired a manual of Short Blades
   873 | D:2      | Reached skill level 1 in Short Blades
   873 | D:2      | Reached XP level 3. HP: 28/34 MP: 3/3
   954 | D:2      | Noticed Natasha
   962 | D:2      | Killed Natasha
   963 | D:2      | Reached skill level 3 in Short Blades
  1127 | D:2      | Reached XP level 4. HP: 35/42 MP: 4/4
  1166 | D:2      | Noticed Natasha
  1177 | D:2      | Killed Natasha
  1178 | D:2      | Reached skill level 4 in Short Blades
  1519 | D:2      | Noticed Natasha
  1535 | D:2      | Killed Natasha
  1536 | D:2      | Reached skill level 5 in Short Blades
  1536 | D:2      | Reached XP level 5. HP: 44/49 MP: 5/5
  1673 | D:2      | Reached ** piety under Trog
  2199 | D:3      | Gained mutation: You can exhale a cloud of poison. [potion
                  | of mutation]
  2199 | D:3      | Gained mutation: You passively map a small area around you.
                  | [potion of mutation]
  2223 | D:3      | Found a runed translucent gate.
  2223 | D:3      | Found a runed translucent gate.
  2223 | D:3      | Found a runed translucent gate.
  2226 | D:3      | Noticed flammie80's ghost (weakling FoMo)
  2716 | D:4      | Reached skill level 6 in Short Blades
  2945 | D:4      | Found a burning altar of Makhleb.
  2945 | D:4      | Found a basalt altar of Yredelemnul.
  2961 | D:4      | Found a glowing golden altar of the Shining One.
  3119 | D:4      | Reached skill level 7 in Short Blades
  3252 | D:4      | Reached XP level 6. HP: 56/56 MP: 6/6
  3418 | D:4      | Noticed Robin
  3442 | D:4      | Killed Robin
  3451 | D:4      | Reached skill level 8 in Short Blades
  3493 | D:4      | Found an iron altar of Okawaru.
  4070 | D:5      | Entered Level 5 of the Dungeon
  4105 | D:5      | Reached skill level 9 in Short Blades
  4105 | D:5      | Reached XP level 7. HP: 45/62 MP: 7/7
  4283 | D:5      | Noticed Ijyb
  4291 | D:5      | Reached skill level 10 in Short Blades
  4302 | D:5      | Killed Ijyb
  4406 | D:5      | Reached skill level 11 in Short Blades
  4413 | D:5      | Reached *** piety under Trog
  4414 | D:5      | Reached XP level 8. HP: 50/69 MP: 8/8
  4438 | D:5      | Reached skill level 12 in Short Blades
  4577 | D:5      | Found a bloodstained altar of Trog.
  4801 | D:5      | Reached skill level 13 in Short Blades
  4995 | D:5      | Found a staircase to the Ecumenical Temple.
  5568 | D:6      | Noticed a rust devil
  5572 | D:6      | Noticed a rust devil
  5594 | D:6      | Found a shadowy altar of Dithmenos.
  5595 | D:6      | Found a blossoming altar of Fedhas.
  5595 | D:6      | Found a radiant altar of Vehumet.
  5606 | D:6      | Reached skill level 14 in Short Blades
  6056 | D:7      | Reached XP level 9. HP: 75/75 MP: 9/9
  6218 | D:7      | Noticed Dowan
  6219 | D:7      | Noticed Duvessa
  6231 | D:7      | Killed Dowan
  6239 | D:7      | Killed Duvessa
  6253 | D:7      | Reached skill level 5 in Fighting
  6591 | D:7      | Reached skill level 5 in Long Blades
  6606 | D:7      | Reached XP level 10. HP: 61/94 MP: 10/10
  7593 | D:8      | Found a white marble altar of Elyvilon.
  8555 | D:9      | Noticed a two-headed ogre
  8561 | D:9      | Killed a two-headed ogre
  8677 | D:9      | HP: 2/99 [yak (6)]
  8678 | D:9      | Mangled by an iguana

Illustrated notes

Levels and vault maps discovered:
D:1:      zelgadis_glass_arrival_small, layout_loops_ring,
          hellmonk_ecumenical_altar_watching_god
D:2:      layout_loops_corners, uniq_natasha
D:3:      layout_rooms, gammafunk_ghost_split
D:4:      layout_loops_ring, mainiacjoe_overflow_boulevard, tso_altar,
          gammafunk_temple_overflow_elements, uniq_robin
D:5:      layout_basic, mainiacjoe_overflow_cross_hatched,
          minmay_temple_entry_drinking_statues, uniq_ijyb
D:6:      cheibrodos_iron_armory, layout_rooms,
          chequers_temple_overflow_statue_of_worship, kennysheep_flooded_box,
          minmay_misc_feat_chi, kennysheep_small_square
D:7:      layout_basic, kennysheep_crisscross, chequers_mini_garden,
          uniq_duvessa
D:8:      layout_loops_ring, mainiacjoe_overflow_paths
D:9:      layout_basic, minmay_lair_entry_grove

Skill      XL: |  1  2  3  4  5  6  7  8  9 10 |
---------------+-------------------------------+-----
Long Blades    | 4 6 8 |  8.4
Short Blades   | 1 3 5 7 9 11 14 | 14.7
Fighting       | 7 9 |  9.2
Armour         | |  1.5
Dodging        | |  1.5

Action                     |  1- 3 |  4- 6 |  7- 9 | 10-12 || total
---------------------------+-------+-------+-------+-------++-------
  Melee: Falchion          |    72 |   185 |    46 |       ||   303
         Punch             |       |     2 |     1 |     1 ||     4
         Dagger            |       |       |   158 |       ||   158
         Scimitar          |       |       |    33 |    94 ||   127
 Invoke: Berserk           |     4 |     6 |    10 |     4 ||    24
         Trog's Hand       |       |     2 |     2 |     2 ||     6
Ability: Breathe Poison Ga |       |    11 |     6 |     2 ||    19
    Use: Scroll            |     4 |     7 |     4 |       ||    15
         Potion            |     2 |     6 |     2 |     1 ||    11
   Stab: Sleeping          |     1 |       |     2 |       ||     3
         Invisible         |       |       |       |     2 ||     2
 Armour: Animal skin       |    59 |   161 |   181 |    81 ||   482
  Dodge: Dodged            |    46 |   106 |   114 |    39 ||   305
